 Dungeon Sprint DCSS version 0.27-a0-1308-gc08437e49b (webtiles) character file.

Game seed: 4551042364766125225

11266 mhtbhm the Swashbuckler (level 12, -3/135 HPs)
             Began as a Kobold Berserker on June 18, 2021.
             Was the Champion of Trog.
             Succumbed to an orc knight's poison
             ... in the Dungeon (Sprint IX: "|||||||||||||||||||||||||||||").
             The game lasted 00:03:08 (3131 turns).

mhtbhm the Swashbuckler (Kobold Berserker)          Turns: 3131, Time: 00:03:08

Health: -3/135     AC: 18    Str: 19    XL:     12   Next: 5%
Magic:  4/4        EV: 15    Int:  9    God:    Trog [******]
Gold:   707        SH:  0    Dex: 17    Spells: 11/11 levels left

rFire    . . .     SeeInvis .   a - +3 quick blade (antimagic)
rCold    . . .     Faith    .   (shield restricted)
rNeg     . . .     Spirit   .   b - +1 chain mail
rPois    .         Reflect  .   (no helmet)
rElec    .         Harm     .   (no cloak)
rCorr    .         Rampage  .   s - +0 pair of gloves
Will     .....     NoTele   +   k - +0 pair of boots
Stlth    ..........             (no amulet)
HPRegen  0.32/turn              l - +3 ring of dexterity
MPRegen  0.09/turn              m - +2 ring of protection

@: berserking (expiring), lethally poisoned (-3 -> -36), very quick
A: small, no large weapons, nightstalker 3
a: Renounce Religion, Berserk, Trog's Hand, Brothers in Arms


You were in the Dungeon.
You worshipped Trog.
Trog was exalted by your worship.
You visited 1 branch You collected 707 gold pieces.

Inventory:

Hand Weapons
 a - a +3 antimagic quick blade (weapon)
Armour
 b - a +1 chain mail (worn)
 k - a +0 pair of boots (worn)
 s - a +0 pair of gloves (worn)
Jewellery
 l - a +3 ring of dexterity (left hand)
 m - a +2 ring of protection (right hand)
Wands
 j - a wand of acid (9)
Scrolls
 h - 3 scrolls of blinking
 n - a scroll of fear
 o - a scroll of fog
 p - a scroll of identify
 q - 2 scrolls of enchant weapon
 r - a scroll of immolation
Potions
 c - 6 potions of curing
 d - 7 potions of heal wounds
 e - a potion of haste
 f - 4 potions of magic
 g - a potion of berserk rage
 i - a potion of invisibility


   Skills:
 + Level 16.6 Fighting
 + Level 20.5 Short Blades
 + Level 12.5 Armour
 + Level 9.9 Dodging
 + Level 4.3 Stealth
 + Level 2.2 Evocations


You had 11 spell levels left.
You didn't know any spells.
Your spell library was empty.

Dungeon Overview and Level Annotations

Branches:
Dungeon (1/1)

Altars:
Cheibriados
Dithmenos
Elyvilon
Fedhas
Gozag
Hepliaklqana
Kikubaaqudgha
Makhleb
Nemelex Xobeh
Okawaru
Qazlal
Ru
Sif Muna
Trog
Uskayaw
Vehumet
Wu Jian
Xom
Yredelemnul
Zin
The Shining One
Beogh
Jiyva
Lugonu


Innate Abilities, Weirdness & Mutations

You are small and have problems with some larger weapons.
You are completely attuned to the shadows.


Message History

You are too injured to fight recklessly!
You are too injured to fight recklessly!
You are too injured to fight recklessly!
You are too injured to fight recklessly!
You are too injured to fight recklessly!
You are too injured to fight recklessly!
Unknown command.
You hit the orc knight.
The orc knight is heavily wounded.
You feel sick.
Unknown command.
You puncture the orc knight!
The orc knight is severely wounded.
You feel sick.
You barely miss the orc knight.
The orc knight is severely wounded.
You feel sick.
You hit the orc knight but do no damage.
The orc knight is severely wounded.
You feel sick.
The orc knight hits you with a +3 glaive of venom!
* * * LOW HITPOINT WARNING * * *
You are lethally poisoned!
You closely miss the orc knight.
The orc knight is severely wounded.
* * * LOW HITPOINT WARNING * * *
You feel sick.
Unknown command.
You hit the orc knight but do no damage.
The orc knight is severely wounded.
* * * LOW HITPOINT WARNING * * *
You feel sick.
Unknown command.
* * * LOW HITPOINT WARNING * * *
You feel very sick.
The orc knight hits you from afar with a +3 glaive of venom!!
* * * LOW HITPOINT WARNING * * *
Unknown command.
You feel a strong urge to attack something.
You die...

.'.....'________________________'
▓▓▓▓▓▓▓▓▓▓▓▓▓▓▓▓▓▓▓▓▓▓▓▓▓▓▓▓▓▓▓▓▓
.................................
▓▓▓▓▓▓▓▓▓▓▓▓▓▓▓▓▓▓▓▓▓▓▓▓▓▓▓▓▓▓▓▓▓
.....).....)††.......)'÷.....÷..)
▓▓▓▓▓▓▓▓▓▓▓▓▓▓▓▓▓▓▓▓▓▓▓▓▓▓▓▓▓▓▓▓▓
.................................
▓▓▓▓▓▓▓▓▓▓▓▓▓▓▓▓▓▓▓▓▓▓▓▓▓▓▓▓▓▓▓▓▓
....').)))))))))@.)ooo.
▓▓▓▓▓▓▓▓▓▓▓▓▓▓▓▓▓▓▓▓▓▓▓


You could see 2 orc knights.

Vanquished Creatures
  5 hydras (D)
  A catoblepas (D)
  A centaur warrior (D)
  A two-headed ogre (D)
  2 lindwurms (D)
  A manticore (D)
  A cyclops (D)
  A torpor snail (D)
  3 komodo dragons (D)
  A polar bear (D)
  2 tyrant leeches (D)
  A wraith (D)
  2 wyverns (D)
  4 yaks (D)
  A vampire mosquito (D)
  A basilisk (D)
  A water moccasin (D)
  An acid dragon (D)
  A sky beast (D)
  3 orc warriors (D)
  2 bullfrogs (D)
  A killer bee (D)
  2 orc priests (D)
  A hound (D)
  An iguana (D)
  3 orc wizards (D)
  An adder (D)
  A worm (D)
  A dart slug (D)
  6 orcs (D)
  A ball python (D)
  2 bat zombies (D)
  A hobgoblin (D)
  A frilled lizard (D)
  A kobold (D)
59 creatures vanquished.

Vanquished Creatures (collateral kills)
  A lindwurm (D)
  A tyrant leech (D)
  A worm (D)
3 creatures vanquished.

Grand Total: 62 creatures vanquished

Notes
Turn   | Place    | Note
-------+----------+-------------------------------------------
     0 | D        | mhtbhm the Kobold Berserker began the quest for the Orb.
     0 | D        | Reached XP level 1. HP: 14/14 MP: 1/1
     2 | D        | Banished a spatial maelstrom
    14 | D        | Reached ** piety under Trog
    18 | D        | Reached skill level 5 in Short Blades
    18 | D        | Reached XP level 2. HP: 10/20 MP: 2/2
   200 | D        | Noticed a sky beast
   205 | D        | Killed a sky beast
   206 | D        | Reached skill level 8 in Short Blades
   206 | D        | Reached skill level 1 in Stealth
   206 | D        | Reached XP level 3. HP: 28/28 MP: 3/3
   206 | D        | Reached XP level 4. HP: 32/32 MP: 4/4
   208 | D        | Reached *** piety under Trog
   209 | D        | Reached skill level 9 in Short Blades
   209 | D        | Reached XP level 5. HP: 38/38 MP: 5/5
   216 | D        | Reached skill level 5 in Dodging
   354 | D        | Found a snail-covered altar of Cheibriados.
   354 | D        | Found a shadowy altar of Dithmenos.
   355 | D        | Found a white marble altar of Elyvilon.
   356 | D        | Found a blossoming altar of Fedhas.
   357 | D        | Found an opulent altar of Gozag.
   358 | D        | Found a hazy altar of Hepliaklqana.
   359 | D        | Found a viscous altar of Jiyva.
   360 | D        | Found an ancient bone altar of Kikubaaqudgha.
   361 | D        | Found a corrupted altar of Lugonu.
   362 | D        | Found a burning altar of Makhleb.
   363 | D        | Found a sparkling altar of Nemelex Xobeh.
   364 | D        | Found an iron altar of Okawaru.
   365 | D        | Found a stormy altar of Qazlal.
   366 | D        | Found a sacrificial altar of Ru.
   367 | D        | Found a shimmering blue altar of Sif Muna.
   368 | D        | Found a bloodstained altar of Trog.
   369 | D        | Found a hide-covered altar of Uskayaw.
   370 | D        | Found a radiant altar of Vehumet.
   371 | D        | Found an ornate altar of the Wu Jian Council.
   372 | D        | Found a shimmering altar of Xom.
   373 | D        | Found a basalt altar of Yredelemnul.
   374 | D        | Found a glowing silver altar of Zin.
   375 | D        | Found a glowing golden altar of the Shining One.
   556 | D        | Noticed a wraith
   556 | D        | Noticed an acid dragon
   558 | D        | Noticed a vampire mosquito
   566 | D        | Killed a wraith
   566 | D        | Reached **** piety under Trog
   567 | D        | Reached skill level 11 in Short Blades
   567 | D        | Reached XP level 6. HP: 46/46 MP: 6/6
   575 | D        | Killed an acid dragon
   576 | D        | Reached skill level 12 in Short Blades
   576 | D        | Reached XP level 7. HP: 52/52 MP: 7/7
   726 | D        | Killed a vampire mosquito
   727 | D        | Reached skill level 10 in Fighting
   727 | D        | Reached skill level 13 in Short Blades
   731 | D        | Noticed a yak
   774 | D        | Killed a yak
   774 | D        | Reached ***** piety under Trog
   775 | D        | Reached skill level 14 in Short Blades
   775 | D        | Reached XP level 8. HP: 48/59 MP: 8/8
   838 | D        | Noticed a centaur warrior
   838 | D        | Noticed a cyclops
   838 | D        | Noticed a seven-headed hydra
   839 | D        | Noticed an eight-headed hydra
   846 | D        | Killed a centaur warrior
   847 | D        | Reached skill level 15 in Short Blades
   847 | D        | Reached skill level 5 in Armour
   847 | D        | Noticed a manticore
   851 | D        | Killed a cyclops
   851 | D        | Received a gift from Trog
   852 | D        | Reached skill level 16 in Short Blades
   852 | D        | Reached XP level 9. HP: 66/66 MP: 9/9
   946 | D        | Killed a seven-headed hydra
   946 | D        | Noticed a two-headed ogre
   947 | D        | Reached skill level 17 in Short Blades
  1249 | D        | Killed an eight-headed hydra
  1250 | D        | Reached skill level 18 in Short Blades
  1250 | D        | Reached XP level 10. HP: 33/73 MP: 10/10
  1474 | D        | Killed a manticore
  1481 | D        | Killed a two-headed ogre
  1693 | D        | Noticed a six-headed hydra
  1702 | D        | Killed a six-headed hydra
  1703 | D        | Reached skill level 19 in Short Blades
  1703 | D        | Reached skill level 1 in Evocations
  1851 | D        | Noticed a four-headed hydra
  1866 | D        | Killed a four-headed hydra
  1866 | D        | Received a gift from Trog
  1867 | D        | Reached XP level 11. HP: 69/80 MP: 11/11
  2032 | D        | Reached skill level 15 in Fighting
  2032 | D        | Reached skill level 10 in Armour
  2101 | D        | Noticed a catoblepas
  2112 | D        | Killed a catoblepas
  2126 | D        | Received a gift from Trog
  2398 | D        | Noticed an eight-headed hydra
  2404 | D        | Reached skill level 20 in Short Blades
  2411 | D        | Killed an eight-headed hydra
  2470 | D        | Reached ****** piety under Trog
  2471 | D        | Noticed a lindwurm
  2473 | D        | Noticed a lindwurm
  2484 | D        | Received a gift from Trog
  2497 | D        | Killed a lindwurm
  2500 | D        | HP: 4/83 [lindwurm/blast of flame (34)]
  2504 | D        | Killed a lindwurm
  2641 | D        | Noticed a lindwurm
  2655 | D        | Killed a lindwurm
  2656 | D        | Reached XP level 12. HP: 51/90 MP: 4/12
  3029 | D        | Received a gift from Trog
  3130 | D        | HP: 3/135 [orc knight (27)]
  3131 | D        | Succumbed to an orc knight's poison

Illustrated notes

Levels and vault maps discovered:
D:        linesprint [early_d, line_temple, items_1, d_10, items_2, lair_1,
          lair_end, items_3, orc_1, orc_end, items_4, d_15, swamp_1, shoals_1,
          snake_1, spider_1, d_20, vaults_1, items_5, swamp_end, shoals_end,
          snake_end, spider_end, vaults_end, d_27, items_6, zot_1, zot_end,
          crypt_end, forest_end, elf_end, slime_end, tomb_end, abyss_end,
          pan_hell_end]

Skill      XL: |  1  2  3  4  5  6  7  8  9 10 11 |
---------------+----------------------------------+-----
Fighting       | 4 6 7 9 10 12 13 14 16 | 16.6
Short Blades   | 5 8 9 11 12 14 16 18 19 20 | 20.5
Armour         | 2 3 4 5 7 9 12 | 12.5
Dodging        | 4 6 7 8 9 |  9.9
Stealth        | 1 2 3 4 |  4.3
Evocations     | 1 2 |  2.2

Action                   |  1- 3 |  4- 6 |  7- 9 | 10-12 || total
-------------------------+-------+-------+-------+-------++-------
Melee: Short sword       |    19 |     9 |       |       ||    28
       Rapier            |       |    18 |    40 |    58 ||   116
       Quick blade       |       |       |       |   158 ||   158
Invok: Berserk           |     1 |     2 |     4 |    10 ||    17
       Brothers in Arms  |       |       |       |     2 ||     2
Evoke: Wand              |       |       |     1 |       ||     1
  Use: Potion            |       |       |       |     2 ||     2
Armor: Animal skin       |     1 |       |       |       ||     1
       Chain mail        |       |     2 |    29 |    54 ||    85
Dodge: Dodged            |     8 |     7 |    20 |    61 ||    96

Table legend: (Time is in decaauts)
 A = Elapsed time spent in this place.
 B = Non-inter-level travel time spent in this place.
 C = Inter-level travel time spent in this place.
 D = Time resting spent in this place.
 E = Time spent auto-exploring this place.
 F = Levels seen in this place.
 G = Mean time per level.
                   A        B        C        D        E       F      G
               +--------+--------+--------+--------+--------+-----+--------+
         Total |   3091 |   3091 |      0 |   2447 |    194 |   1 | 3091.0 |
       Dungeon |   3091 |   3091 |      0 |   2447 |    194 |   1 | 3091.0 |
               +--------+--------+--------+--------+--------+-----+--------+

Top non-repeatable levels by time:
       D: 3091 daAuts
